 Dungeon Crawl Stone Soup version 0.27.0-1-g7a089689b8 (webtiles) character file.

Game seed: 17999251146156377043

16 Spectrina the Ducker (level 2, -3/18 HPs)
             Began as a Deep Elf Monk on Aug 7, 2021.
             Killed from afar by Ijyb (6 damage)
             ... with a puff of flame
             ... on level 3 of the Dungeon.
             The game lasted 00:01:54 (199 turns).

Spectrina the Ducker (Deep Elf Monk)                 Turns: 199, Time: 00:01:54

Health: -3/18      AC:  2    Str:  6 (8)  XL:     2   Next: 37%
Magic:  7/7        EV: 13    Int: 11 (14) God:
Gold:   11         SH:  0    Dex: 15 (17) Spells: 6/6 levels left

rFire    . . .     SeeInvis .   a - +0 short sword
rCold    . . .     Faith    .   (no shield)
rNeg     . . .     Spirit   .   f - +0 robe
rPois    .         Reflect  .   (no helmet)
rElec    .         Harm     .   (no cloak)
rCorr    .         Rampage  .   (no gloves)
Will     .....                  (no boots)
Stlth    ++........             (no amulet)
HPRegen  0.06/turn              (no ring)
MPRegen  0.10/turn              (no ring)

@: brilliant
A: no striking features
a: no special abilities


You were on level 3 of the Dungeon.
You visited 1 branch of the dungeon, and saw 3 of its levels.

You collected 11 gold pieces.

Inventory:

Hand Weapons
 a - a +0 short sword (weapon)
 b - a +0 dagger
Missiles
 e - 24 stones (quivered)
 h - 19 sling bullets
Armour
 f - a +0 robe (worn)
Scrolls
 c - a scroll of identify {unknown}


   Skills:
 - Level 2.4 Fighting
 - Level 3.0 Short Blades
 - Level 3.6 Dodging
 - Level 2.4 Stealth
 + Level 2.9 Spellcasting


You had 6 spell levels left.
You didn't know any spells.
Your spell library was empty.

Dungeon Overview and Level Annotations

Branches:
Dungeon (3/15)

Altars:

Annotations:
D:3 Ijyb


Message History

The giant cockroach barely misses you.
You hit the giant cockroach but do no damage.
The giant cockroach is almost dead.
The giant cockroach bites you but does no damage.
You closely miss the giant cockroach.
The giant cockroach is almost dead.
The giant cockroach bites you.
You hit the giant cockroach but do no damage.
The giant cockroach is almost dead.
The giant cockroach bites you. The giant cockroach misses you.
You barely miss the giant cockroach.
The giant cockroach is almost dead.
The giant cockroach bites you.
You closely miss the giant cockroach.
The giant cockroach is almost dead.
The giant cockroach completely misses you.
You hit the giant cockroach but do no damage.
The giant cockroach is almost dead.
The giant cockroach bites you.
You hit the giant cockroach.
You kill the giant cockroach!
You hear the slow rusting of a distant drain.
Ijyb the Twisted Goblin comes into view.
She is wielding a +0 dagger of venom and carrying a wand of flame (14).
Ijyb shouts!
You see here 5 gold pieces.
You aren't carrying any items that you can evoke.
Okay, then.
It was a potion of degeneration.
There was something very wrong with that liquid.
You feel weakened.
You feel dopey.
You feel clumsy.
A worm comes into view.
It was a potion of brilliance.
You feel clever all of a sudden.
Ijyb zaps a wand.
The puff of flame hits you!
Ouch! That really hurt!
* * * LOW HITPOINT WARNING * * *
Unknown command.
Ijyb closely misses you.
You barely miss Ijyb.
Ijyb zaps a wand.
The puff of flame hits you.
You die...

#......# #..#####
# #..# #.
#..########.
####.##....†......
........#########.
####....$.......
####.#..#####
#@#..# #g#..#
.....# ......#
##...#.# #.w##.#
#.#. # #. .


You could see Ijyb and a worm.

Vanquished Creatures
  An adder (D:3)
  A dart slug (D:2)
  A giant cockroach (D:3)
  A ball python (D:3)
  2 goblins (D:2)
6 creatures vanquished.

Notes
Turn   | Place    | Note
-------+----------+-------------------------------------------
     0 | D:1      | Spectrina the Deep Elf Monk began the quest for the Orb.
     0 | D:1      | Reached XP level 1. HP: 13/13 MP: 3/3
   113 | D:2      | Reached skill level 1 in Spellcasting
   172 | D:3      | Reached XP level 2. HP: 18/18 MP: 5/7
   194 | D:3      | Noticed Ijyb
   199 | D:3      | Killed from afar by Ijyb

Illustrated notes

Levels and vault maps discovered:
D:1:      minmay_arrival_widening_spiral_wide, layout_loops_ring,
          ebering_ecumenical_altar_sacrificial, minmay_misc_feat_iff
D:2:      layout_loops_cross, serial_shops, shop
D:3:      layout_loops_ring, gammafunk_temple_overflow_elements,
          cheibrodos_sewer_entry_bend, uniq_robin, uniq_ijyb

Skill      XL: |  1 |
---------------+----+-----
Spellcasting   | 2 |  2.9
Fighting       | |  2.4
Short Blades   | |  3.0
Dodging        | |  3.6
Stealth        | |  2.4

Action                   || total
-------------------------++-------
Melee: Short sword       ||    25
       Dagger            ||     2
  Use: Potion            ||     2
 Stab: Sleeping          ||     1
Armor: Robe              ||     5
Dodge: Dodged            ||    14
